 Dungeon Crawl Stone Soup version 0.21.0-24-g2553a33 (webtiles) character file.

2734 Daviar the Grave Robber (level 9, -1/58 HPs)
             Began as an Octopode Abyssal Knight on Jan 19, 2018.
             Was a High Priest of Lugonu.
             Slain by a wight
             ... wielding a +5 great sword of freezing
              (17 damage)
             ... on level 7 of the Dungeon.
             The game lasted 00:23:20 (7536 turns).

Daviar the Grave Robber (Octopode Abyssal Knight)   Turns: 7536, Time: 00:23:21

Health: -1/58      AC:  8    Str: 12    XL:     9   Next: 67%
Magic:  12/16      EV: 13    Int: 16    God:    Lugonu [*****.]
Gold:   262        SH:  0    Dex: 12    Spells: 1/17 levels left

rFire    + . .     SeeInvis .   j - +2 flail (protect)
rCold    . . .     Gourm    .   (no shield)
rNeg     . . .     Faith    .   (helmet restricted)
rPois    .         Spirit   .   p - amulet of rage
rElec    .         Reflect  .   F - ring of protection from fire
rCorr    .         Harm     .   (no ring)
MR       .....                  (no ring)
Stlth    ++........             (no ring)
HPRegen  0.19/turn              (no ring)
MPRegen  0.15/turn              (no ring)
                                (no ring)
                                (no ring)

@: protection aura, drained
A: almost no armour, stealthy swim, amphibious, 8 rings, constrict 8, camouflage
1, gelatinous body 1
a: Depart the Abyss, Bend Space, Banish, Corrupt, Enter the Abyss, Renounce
Religion, Evoke Berserk Rage


You were on level 7 of the Dungeon.
You worshipped Lugonu.
Lugonu was extremely pleased with you.
You were not hungry.

You visited 1 branch of the dungeon, and saw 7 of its levels.
You visited the Abyss 1 time.
You also visited: Ossuary.

You collected 262 gold pieces.

Inventory:

Hand Weapons
 j - a +2 flail of protection (weapon)
 l - a +0 trident
Jewellery
 p - an amulet of rage (around mantle)
 A - an uncursed ring of ice
 F - a ring of protection from fire (left tentacle)
Wands
 y - a wand of flame (41)
 C - a wand of paralysis (18)
Scrolls
 d - a scroll of random uselessness {unknown}
 i - 9 scrolls of identify
 k - a scroll of immolation {unknown}
 m - 3 scrolls of fog {unknown}
 n - a scroll of amnesia {unknown}
 o - 3 scrolls of teleportation {unknown}
 q - a scroll of noise {unknown}
 t - 2 scrolls of enchant weapon {unknown}
 x - a scroll of summoning {unknown}
 B - 2 scrolls of acquirement {unknown}
Potions
 a - 2 potions of magic {unknown}
 c - 2 potions of lignification {unknown}
 f - 4 potions of cancellation {unknown}
 g - 2 potions of flight {unknown}
 h - a potion of might {unknown}
 r - 3 potions of haste {unknown}
 s - 2 potions of heal wounds {unknown}
 v - a potion of agility {unknown}
 w - 2 potions of brilliance {unknown}
Books
 e - a book of Necromancy

   Spells                             Type                      Level
   a - Pain                           Necromancy                   1
   b - Animate Skeleton               Necromancy                   1
   c - Vampiric Draining              Necromancy                   3
   d - Regeneration                   Charms/Necromancy            3
   e - Animate Dead                   Necromancy                   4
   f - Borgnjor's Vile Clutch         Necromancy/Earth             5
Comestibles
 b - 14 rations
 u - a chunk of flesh


   Skills:
 - Level 4.0(3.3) Fighting
   Level 3.3(2.7) Axes
 - Level 3.1(2.5) Dodging
 - Level 1.2(0.6) Stealth
 + Level 4.8(4.1) Spellcasting
 * Level 7.7(7.0) Necromancy
 * Level 3.4(2.8) Earth Magic
 + Level 7.2(6.5) Invocations


You had one spell level left.
You knew the following spells:

 Your Spells              Type           Power        Failure   Level  Hunger
a - Vampiric Draining     Necr           ####......   2%          3    ###....
b - Animate Dead          Necr           N/A          9%          4    ####...
c - Borgnjor's Vile Clut  Necr/Erth      ###.......   52%         5    ######.
r - Regeneration          Chrm/Necr      ##........   12%         3    ###....
Q - Animate Skeleton      Necr           N/A          1%          1    None


Dungeon Overview and Level Annotations

Branches:
Dungeon (7/15)             Temple (0/1) D:7

Altars:
Ashenzari
Dithmenos
Elyvilon
Gozag
Kikubaaqudgha
Nemelex Xobeh
Ru
Sif Muna
Trog
Uskayaw
Wu Jian
Xom

Annotations:
D:3 Natasha


Innate Abilities, Weirdness & Mutations

You cannot wear most types of armour.
You are very stealthy in the water. (Stealth+)
You are amphibious.
You can wear up to eight rings at the same time.
You can use your tentacles to constrict eight enemies at once.
Your skin changes colour to match your surroundings (Stealth+).
Your rubbery body absorbs attacks. (AC +1, EV +1)


Message History

You sock the wight!
Your weapon exudes an aura of protection.
You grab the wight.
The wight is heavily damaged.
You constrict the wight.
The wight hits you with a great sword of freezing!
The wight freezes you.
You take 11 damage, and have 37/58 hp.
You hit the wight but do no damage. You squeeze the wight.
The wight is severely damaged.
You constrict the wight, but do no damage.
The wight hits you with a great sword of freezing!
The wight freezes you.
* * * LOW HITPOINT WARNING * * *
You take 22 damage, and have 15/58 hp.
MASSIVE DAMAGE!!
You hit the wight but do no damage.
The wight is severely damaged.
You constrict the wight.
The wight hits you with a great sword of freezing!
You die...

##..# #[....#
##..## #.....#
##.########.....#
.._.............#
##.#.######.....#
##...#
#...##############
#####
#.................
#....)#..#..#.(#..
###..)@z..........
#....§§........>
#......§........
#...#..#..#..#..
#...............
################


You could see a wight.

Vanquished Creatures
  Eustachio (D:4)
  A steam dragon (D:6)
  Edmund (D:4)
  An orc warrior (D:4)
  3 ogres (D:7)
  2 bullfrogs
  10 scorpions
  3 wights (D:7)
  2 howler monkeys
  2 crimson imps (D:7)
  An orc priest (D:7)
  3 human zombies (Ossuary)
  3 hounds
  4 orc wizards
  4 iguanas
  Natasha (D:3)
  2 worker ants
  Ijyb (D:4)
  A big kobold zombie (Ossuary)
  2 hound skeletons
  2 mummies (Ossuary)
  4 gnolls
  7 adders
  2 scorpion zombies (Ossuary)
  2 oozes
  An adder skeleton (D:4)
  An adder zombie (D:6)
  5 worms (D:2)
  A dart slug (D:4)
  5 leopard geckos
  10 orcs
  8 bats
  7 giant cockroaches
  7 goblins
  8 hobgoblins
  7 kobolds
  4 quokkas
  2 ball pythons
  10 frilled lizards
  3 gnoll zombies (Ossuary)
  2 goblin zombies (Ossuary)
  A hobgoblin zombie (Ossuary)
  2 kobold zombies (Ossuary)
  A leopard gecko zombie (D:5)
  A quokka skeleton (D:4)
  10 rats
161 creatures vanquished.

Vanquished Creatures (collateral kills)
  2 scorpions (Ossuary)
  2 centaur zombies
  A jelly (D:7)
  2 iguanas
  2 big kobold zombies (Ossuary)
  A mummy (Ossuary)
  A scorpion zombie (Ossuary)
  A gnoll zombie (Ossuary)
  A quokka (D:7)
13 creatures vanquished.

Vanquished Creatures (others)
  The ghost of raph the Chiller, a novice DEIE of Vehumet (D:6)
  A wight (D:7)
  5 withered plants (D:4)
7 creatures vanquished.

Grand Total: 181 creatures vanquished

Notes
Turn   | Place    | Note
-------+----------+-------------------------------------------
     0 | Abyss:1  | Daviar the Octopode Abyssal Knight began the quest for the Orb.
     0 | Abyss:1  | Reached XP level 1. HP: 16/16 MP: 2/2
     8 | D:1      | Escaped the Abyss
    80 | D:1      | Reached XP level 2. HP: 21/21 MP: 3/3
   501 | D:1      | Reached ** piety under Lugonu
   593 | D:1      | Reached XP level 3. HP: 25/26 MP: 4/4
  1207 | D:2      | Reached XP level 4. HP: 30/31 MP: 5/5
  1319 | D:2      | Found a deep blue altar of Sif Muna.
  1323 | D:2      | Found a shadowy altar of Dithmenos.
  1328 | D:2      | Found a hide-covered altar of Uskayaw.
  1570 | D:3      | Found a shimmering altar of Xom.
  1603 | D:3      | Noticed Natasha
  1610 | D:3      | Killed Natasha
  1727 | D:3      | Reached skill level 1 in Stealth
  1891 | D:3      | Reached XP level 5. HP: 33/36 MP: 7/7
  1938 | D:3      | Noticed Natasha
  2047 | D:3      | Found an opulent altar of Gozag.
  2107 | D:3      | Learned a level 1 spell: Animate Skeleton
  2374 | D:4      | Reached *** piety under Lugonu
  2402 | D:4      | Noticed Eustachio
  2422 | D:4      | Noticed an orc warrior
  2470 | D:4      | Noticed Edmund
  2489 | D:4      | Killed Edmund
  2489 | D:4      | Reached skill level 1 in Spellcasting
  2489 | D:4      | Reached skill level 1 in Necromancy
  2489 | D:4      | Reached XP level 6. HP: 11/43 MP: 8/8
  2587 | D:4      | Noticed Ijyb
  2590 | D:4      | Killed Ijyb
  2678 | D:4      | Learned a level 3 spell: Vampiric Draining
  3060 | D:3      | HP: 1/43 [gnoll/flail (8)]
  3365 | D:4      | Reached XP level 7. HP: 48/48 MP: 10/10
  3662 | D:4      | Killed Eustachio
  3662 | D:4      | Reached skill level 5 in Invocations
  4066 | D:4      | Reached XP level 8. HP: 48/54 MP: 12/12
  4069 | D:4      | Found an ancient bone altar of Kikubaaqudgha.
  4148 | D:4      | Found a shimmering altar of Xom.
  4149 | D:4      | Found a shimmering altar of Xom.
  4150 | D:4      | Found a shimmering altar of Xom.
  4150 | D:4      | Found a shimmering altar of Xom.
  4150 | D:4      | Found a shimmering altar of Xom.
  4151 | D:4      | Found a shimmering altar of Xom.
  4152 | D:4      | Found a shimmering altar of Xom.
  4152 | D:4      | Found a shimmering altar of Xom.
  4153 | D:4      | Found a shimmering altar of Xom.
  4198 | D:4      | Found a shattered altar of Ashenzari.
  4373 | D:5      | Entered Level 5 of the Dungeon
  4378 | D:5      | Learned a level 3 spell: Regeneration
  4680 | D:5      | Found a bloodstained altar of Trog.
  4845 | D:5      | Found a sacrificial altar of Ru.
  4909 | D:5      | Reached skill level 5 in Necromancy
  4970 | D:5      | Found a sand-covered staircase.
  4982 | Ossuary  | Entered an ossuary
  5025 | Ossuary  | Learned a level 4 spell: Animate Dead
  5059 | Ossuary  | Reached **** piety under Lugonu
  5624 | D:5      | You fall through a shaft for 2 floors!
  5630 | D:7      | Reached XP level 9. HP: 36/58 MP: 15/15
  5745 | D:6      | Learned a level 5 spell: Borgnjor's Vile Clutch
  5801 | D:6      | Found an ornate altar of the Wu Jian Council.
  5815 | D:6      | Noticed raph's ghost (novice DEIE)
  5830 | D:6      | Banished raph's ghost
  5830 | D:6      | Reached skill level 1 in Earth Magic
  6833 | D:5      | Found a sparkling altar of Nemelex Xobeh.
  7158 | D:7      | Reached ***** piety under Lugonu
  7482 | D:7      | Found a white marble altar of Elyvilon.
  7525 | D:7      | Found a staircase to the Ecumenical Temple.
  7536 | D:7      | Slain by a wight

Skill      XL: |  1  2  3  4  5  6  7  8  9 |
---------------+----------------------------+-----
Axes           | 3 |  3.3
Dodging        | 3 |  3.1
Stealth        | 1 |  1.2
Invocations    | 3 4 5 6 7 |  7.2
Spellcasting   | 1 2 4 |  4.8
Necromancy     | 1 2 4 6 7 |  7.7
Fighting       | 4 |  4.0
Earth Magic    | 3 |  3.4

Action                   |  1- 3 |  4- 6 |  7- 9 || total
-------------------------+-------+-------+-------++-------
Melee: Hand axe          |    88 |    71 |       ||   159
       Constrict         |    21 |    20 |    64 ||   105
       Tentacles         |    13 |    18 |    56 ||    87
       Flail             |       |    30 |   238 ||   268
 Cast: Animate Skeleton  |       |     1 |     7 ||     8
       Regeneration      |       |       |    21 ||    21
       Animate Dead      |       |       |     4 ||     4
       Vampiric Draining |       |       |     8 ||     8
Invok: Bend Space        |       |       |     2 ||     2
       Banish            |       |       |     2 ||     2
Evoke: Wand              |       |       |    19 ||    19
  Use: Potion            |       |     1 |       ||     1
       Scroll            |       |       |     4 ||     4
 Stab: Sleeping          |    13 |     7 |    10 ||    30
       Distracted        |       |     1 |     1 ||     2
  Eat: Chunk             |     1 |     7 |     9 ||    17
       Ration            |       |       |     3 ||     3
Armor: Skin              |    11 |     7 |    51 ||    69
Dodge: Dodged            |    48 |    56 |   175 ||   279
